 Dungeon Crawl Stone Soup version 0.32-a0-329-ge6c31236d6 (webtiles) character file.

Game seed: 11025379351084852084

7 Bravepunisher the Ducker (level 1, -2/11 HPs)
             Began as a Spriggan Monk on Feb 17, 2024.
             Shot with an arrow by a centaur (13 damage)
             ... on level 6 of the Dungeon.
             The game lasted 00:02:22 (856 turns).

Bravepunisher the Ducker (Spriggan Monk)             Turns: 856, Time: 00:02:23

Health: -2/11      AC:  2    Str:  7    XL:     1   Next: 91%
Magic:  2/2        EV: 19    Int: 11    God:
Gold:   70         SH:  0    Dex: 17    Spells: 0/0 levels left

rFire   . . .        a - +0 short sword
rCold   . . .        (no shield)
rNeg    . . .        b - +0 robe
rPois   .            (helmet restricted)
rElec   .            (no cloak)
rCorr   .            (gloves unavailable)
SInv    +            (boots unavailable)
Will    .....        (no amulet)
Stlth   ++           (no ring)
HPRegen 0.21/turn    (no ring)
MPRegen 0.08/turn

%: no passive effects
@: very quick
A: very small, no large weapons, unfitting armour, see invisible, speed 3
a: no special abilities


You were on level 6 of the Dungeon.
You visited 1 branch of the dungeon, and saw 6 of its levels.

You collected 70 gold pieces.

Inventory:

Hand Weapons
 a - a +0 short sword (weapon)
Armour
 b - a +0 robe (worn)
Wands
 h - a wand of charming (8)
Scrolls
 e - a scroll of teleportation {unknown}
 g - a scroll of amnesia {unknown}
Potions
 c - a potion of ambrosia
 d - 2 potions of curing {unknown}
 f - a potion of attraction {unknown}


   Skills:
 + Level 2.5 Fighting
 - Level 3.2 Short Blades
 * Level 4.5 Dodging


You couldn't memorise any spells.
You didn't know any spells.
Your spell library was empty.

Dungeon Overview and Level Annotations

Branches:
Dungeon (6/15)
 Temple: D:4-7

Altars:
Nemelex Xobeh

Portals:
Sewer: D:4

Annotations:
D:6 3 runed translucent doors, MasterT's ghost, novice MiFi; TrayleKats's ghost, novice MiFi


Innate Abilities, Weirdness & Mutations

You are very small and have problems with some larger weapons.
You are too small for most types of armour.
You have supernaturally acute eyesight. (SInv)
You cover ground extremely quickly. (Speed+++)


Message History

A gnoll comes into view. It is wielding a +0 flail.
The gnoll shouts!
A gnoll comes into view. It is wielding a +0 flail.
There is a stone staircase leading down here.
The gnoll bouda barks out a call to the hunt!
The gnolls pick up the pace!
The gnoll shouts!
You climb downwards.
There is a stone staircase leading up here.
You open the door.
Found a scroll labelled HEARRO LEDOA.
Your attacks no longer feel as feeble.
There is an open door here.
A sleepcap comes into view.
You open the door.
An ice beast comes into view.
There is an open door here.
A sky beast comes into view.
As you open the door, it creaks loudly!
Found a sparkling altar of Nemelex Xobeh.
The sky beast flickers out of sight for a moment.
Found a scroll labelled SIROVI TOKHLISCH.
Found an escape hatch in the floor.
Found a scroll labelled ULIAFYKHAMN.
You open the door.
Found 12 gold pieces.
There is an open door here.
Found a clear potion and a book of Winter.
An ice beast comes into view.
MasterT's ghost turns its malevolent gaze towards you.
TrayleKats's ghost turns its malevolent gaze towards you.
A centaur comes into view.
The centaur wields a +0 shortbow.
The centaur shoots an arrow.
The arrow closely misses you.
You open the door.
There is an open door here.
The centaur throws a stone.
The stone misses you.
The centaur shoots an arrow.
The arrow hits you!
Ouch! That really hurt!
You die...

#... #...c...#........#......
#.... #.......#........# .....
#... ##'###..#........##. #..
##...####..##.$##+#........ #.
#.................#.......# ##
#.................#......## #'
#.................#.....## _.#
#.........Y.......#......###.#+
#.............@...#.......#####
#.........c.......#........###.
#.................#......#..#..
####.##.##.####...#......#....#
#.##.##.### #####.....#.?.##
#.........# #.....#...#
#.........# #.....#...#
#.........# #.....#...#
#.........# #.....#...+


You could see an ice beast and a centaur.

Vanquished Creatures
  A dart slug (D:1)
  An endoplasm (D:4)
  A quokka (D:3)
3 creatures vanquished.

Notes
Turn   | Place    | Note
-------+----------+-------------------------------------------
     0 | D:1      | Bravepunisher the Spriggan Monk began the quest for the
                  | Orb.
     0 | D:1      | Reached XP level 1. HP: 11/11 MP: 2/2
   244 | D:3      | Noticed a hound
   325 | D:4      | Found a glowing drain.
   399 | D:4      | Noticed an orc wizard
   529 | D:5      | Entered Level 5 of the Dungeon
   746 | D:5      | Noticed a gnoll bouda
   759 | D:6      | Noticed a sleepcap
   765 | D:6      | Noticed an ice beast
   775 | D:6      | Noticed a sky beast
   785 | D:6      | Found a sparkling altar of Nemelex Xobeh.
   817 | D:6      | Found a runed translucent gate.
   817 | D:6      | Found a runed translucent gate.
   817 | D:6      | Found a runed translucent gate.
   822 | D:6      | Noticed MasterT's ghost (novice MiFi)
   822 | D:6      | Noticed TrayleKats's ghost (novice MiFi)
   822 | D:6      | Noticed an ice beast
   823 | D:6      | Noticed a centaur
   856 | D:6      | Shot with an arrow by a centaur

Illustrated notes

Levels and vault maps discovered:
D:1:      psy_arrival_dodecagon, layout_rooms, nrook_loot_triangle
D:2:      layout_basic, uniq_crazy_yiuf_cottage, uniq_jessica
D:3:      layout_basic, bh_walls_and_bars
D:4:      layout_basic, cheibrodos_sewer_entry_bend, kennysheep_boxes
D:5:      layout_gridville, mainiacjoe_overflow_alcove_1
D:6:      layout_gridville, nemelex_diamond_rough_becter, lemuel_tele_altar,
          gammafunk_ghost_cemetery, uniq_eustachio

Action                     || total
---------------------------++-------
  Melee: Short sword       ||    26
 Armour: Robe              ||    17
  Dodge: Dodged            ||    59

Table legend: (Time is in decaauts)
 A = Elapsed time spent in this place.
 B = Non-inter-level travel time spent in this place.
 C = Inter-level travel time spent in this place.
 D = Time resting spent in this place.
 E = Time spent auto-exploring this place.
 F = Levels seen in this place.
 G = Mean time per level.
                   A        B        C        D        E       F      G
               +--------+--------+--------+--------+--------+-----+--------+
         Total |    626 |    626 |      0 |    200 |    146 |   6 |  104.3 |
       Dungeon |    626 |    626 |      0 |    200 |    146 |   6 |  104.3 |
               +--------+--------+--------+--------+--------+-----+--------+

Top non-repeatable levels by time:
     D:5: 215 daAuts
     D:4: 175 daAuts
     D:3: 99 daAuts
     D:6: 64 daAuts
     D:1: 43 daAuts
     D:2: 28 daAuts
